 Dungeon Crawl Stone Soup version 0.19.1-1-g22dce08 (webtiles) character file.

1741 Haldmier the Martial Artist (level 9, -5/46 HPs)
             Began as a Vine Stalker Transmuter on Dec 31, 2016.
             Was a Believer of Fedhas.
             Slain by a killer bee (7 damage)
             ... on level 7 of the Dungeon.
             The game lasted 00:27:15 (6870 turns).

Haldmier the Martial Artist (VSTm)                  Turns: 6870, Time: 00:27:16

Health: -5/46      AC:  5    Str: 13    XL:     9   Next: 5%
Magic:  0/13       EV: 12    Int: 16    God:    Fedhas [**....]
Gold:   102        SH:  6    Dex: 15    Spells: 3 memorised, 6 levels left

rFire  . . .     SeeInvis .       - Unarmed
rCold  . . .     Gourm    .     b - +0 robe
rNeg   . . .     Faith    .     (no shield)
rPois  .         Spirit   +     u - +0 helmet
rElec  .         Reflect  +     F - +0 cloak
rCorr  .         Harm     .     t - +0 pair of gloves (curse)
MR     +....                    (no boots)
Stlth  +.........               e - +6 amulet of reflection
                                (no ring)
                                (no ring)

@: lethally poisoned (-5 -> -5)
A: fangs 3, regeneration 1, magic shield, antimagic bite, no device heal 3, rot
immunity
a: Fungal Bloom, Evolution, Sunlight, Renounce Religion


You were on level 7 of the Dungeon.
You worshipped Fedhas.
Fedhas was pleased with you.
You were not hungry.

You visited 1 branch of the dungeon, and saw 7 of its levels.

You collected 402 gold pieces.
You spent 300 gold pieces at shops.

Inventory:

Missiles
 a - 96 arrows
 q - 146 stones (quivered)
 J - 4 tomahawks
Armour
 b - a +0 robe (worn)
 t - a cursed +0 pair of gloves (worn)
 u - a +0 helmet (worn)
 F - a +0 cloak (worn)
Jewellery
 e - a +6 amulet of reflection (around neck)
 o - an uncursed ring of ice
Wands
 B - a wand of iceblast (6/15)
 G - a wand of polymorph (7/24)
Scrolls
 g - 4 scrolls of random uselessness {unknown}
 h - a scroll of enchant armour {unknown}
 j - a scroll of amnesia {unknown}
 m - 4 scrolls of magic mapping {unknown}
 n - 4 scrolls of remove curse {unknown}
 s - 2 scrolls of teleportation
 y - 2 scrolls of noise {unknown}
 C - a scroll of recharging {unknown}
 D - a scroll of fear {unknown}
 E - a scroll of identify
 H - a scroll of summoning {unknown}
 K - a scroll of torment {unknown}
Potions
 i - a potion of beneficial mutation {unknown}
 k - 2 potions of curing
 l - 3 potions of flight
 p - a potion of mutation {unknown}
 r - 3 potions of resistance
 v - a potion of magic {unknown}
 w - 2 potions of haste {unknown}
 x - a potion of brilliance {unknown}
 z - a potion of agility {unknown}
 I - a potion of cancellation {unknown}
 L - a potion of heal wounds {unknown}
Books
 c - a book of Changes

   Spells                             Type                      Level
   a - Beastly Appendage              Transmutation                1
   b - Sticks to Snakes               Transmutation                2
   c - Spider Form                    Transmutation/Poison         3
   d - Ice Form                       Ice/Transmutation            4
   e - Blade Hands                    Transmutation                5
Comestibles
 d - 7 bread rations
 f - 13 fruits
 A - 3 meat rations


   Skills:
 + Level 4.8 Fighting
 - Level 1.5 Dodging
 * Level 8.0 Unarmed Combat
 - Level 2.1 Spellcasting
 + Level 5.7 Transmutations
 - Level 3.6 Poison Magic


You had 6 spell levels left.
You knew the following spells:

 Your Spells              Type           Power        Failure   Level  Hunger
a - Beastly Appendage     Tmut           ###...       1%          1    #......
b - Sticks to Snakes      Tmut           ###.....     3%          2    ###....
c - Spider Form           Tmut/Pois      ###.......   12%         3    ###....


Dungeon Overview and Level Annotations

Branches:
Dungeon (7/15)             Temple (0/1) D:6

Altars:
Cheibriados
Dithmenos
Fedhas
Ru
Vehumet
Yredelemnul
Zin

Shops:
D:4 (   D:6 ::=}}


Innate Abilities, Weirdness & Mutations

You have razor-sharp teeth.
Your natural rate of healing is unusually fast.
When hurt, damage is shared between your health and your magic reserves.
Your bite disrupts and absorbs the magic of your enemies.
Potions and wands cannot restore your health.
You are immune to rotting.


Message History

You feel sick.
You take 1 damage, and have 5/46 hp.
You feel sick.
You feel sick.
You take 1 damage, and have 4/46 hp.
Your talons disappear.
You feel sick.
You feel sick. The killer bee stings you.
* * * LOW HITPOINT WARNING * * *
You take 3 damage, and have 2/46 hp.
You now have 4/13 mp.
You feel sick.
The killer bee stings you but does no damage.
There is an open door here.
You feel sick. The killer bee misses you. The killer bee closely misses you.
There is an open door here.
Casting: Beastly Appendage
Confirm with . or Enter, or press ? or * to list all spells.
You create a snake!
You now have 96 arrows.
The killer bee stings you!
You die...
Fedhas appreciates your contribution to the ecosystem.

#.... #.... #... #....
#... #.... #.. #....
#.####+###+##....
###.#..............
#..y#..............
#.yy'..............
######@##..............
##..#......####.........
#...#....S.# #.........
#...'......# #.........
#...#......# #.........
#...#......+ +...y....y
##..#......# #.........
##..##.....# #.....####
#....#.>...# #.....# .y


You could see 3 killer bees and a friendly adder.

Vanquished Creatures
  An orc warrior (D:6)
  2 ogres (D:6)
  2 sky beasts (D:7)
  2 bullfrogs
  A scorpion (D:5)
  A killer bee (D:7)
  A howler monkey (D:4)
  2 crimson imps
  2 jellies
  A quasit (D:6)
  5 orc priests
  3 hounds
  3 orc wizards
  An iguana (D:5)
  3 worker ants
  A hound skeleton (D:4)
  2 worker ant zombies (D:6)
  7 adders
  A shadow imp (D:6)
  An ooze (D:6)
  3 worms
  A dart slug (D:3)
  4 leopard geckos
  31 orcs
  4 ball pythons
  3 giant cockroaches (D:2)
  10 goblins
  8 hobgoblins
  6 jackals
  10 kobolds
  2 quokkas
  8 bats
  4 frilled lizards
  A quokka zombie (D:7)
  8 rats
145 creatures vanquished.

Vanquished Creatures (collateral kills)
  Grinder (D:5)
  2 killer bees (D:7)
  An adder (D:2)
  A hobgoblin (D:1)
  A kobold (D:1)
6 creatures vanquished.

Vanquished Creatures (others)
  A wandering mushroom (D:7)
  A leopard gecko (D:4)
  59 toadstools
61 creatures vanquished.

Grand Total: 212 creatures vanquished

Notes
Turn   | Place    | Note
-------+----------+-------------------------------------------
     0 | D:1      | Haldmier the Vine Stalker Transmuter began the quest for the Orb.
     0 | D:1      | Reached XP level 1. HP: 9/9 MP: 4/4
    41 | D:1      | Reached skill level 1 in Fighting
    76 | D:1      | Reached XP level 2. HP: 7/14 MP: 1/6
   882 | D:1      | Learned a level 2 spell: Sticks to Snakes
   949 | D:1      | Reached XP level 3. HP: 7/18 MP: 0/7
  1133 | D:1      | Learned a level 3 spell: Spider Form
  2173 | D:2      | Reached skill level 1 in Poison Magic
  2333 | D:2      | Gained mutation: Your natural rate of healing is unusually fast. [Vine Stalker growth]
  2333 | D:2      | Reached XP level 4. HP: 18/23 MP: 5/8
  2564 | D:2      | Found a blossoming altar of Fedhas.
  2756 | D:2      | Became a worshipper of Fedhas Madash
  3010 | D:3      | Found a glowing silver altar of Zin.
  3141 | D:3      | Noticed a bullfrog
  3151 | D:3      | Killed a bullfrog
  3151 | D:3      | Reached skill level 4 in Unarmed Combat
  3151 | D:3      | Reached XP level 5. HP: 21/26 MP: 5/9
  3530 | D:3      | Found a shadowy altar of Dithmenos.
  3811 | D:4      | Reached XP level 6. HP: 2/32 MP: 8/10
  4054 | D:4      | Found a radiant altar of Vehumet.
  4518 | D:4      | Found Moihuturch's Antique Weapon Shoppe.
  4566 | D:5      | Entered Level 5 of the Dungeon
  4683 | D:5      | Reached skill level 5 in Unarmed Combat
  4766 | D:5      | Reached XP level 7. HP: 36/36 MP: 11/11
  4786 | D:5      | Noticed Grinder
  4801 | D:5      | Killed Grinder
  4929 | D:5      | Reached * piety under Fedhas
  5206 | D:5      | Found a sacrificial altar of Ru.
  5412 | D:5      | Found a basalt altar of Yredelemnul.
  5416 | D:5      | Found a sacrificial altar of Ru.
  5451 | D:6      | Found Mutyguno's Jewellery Boutique.
  5484 | D:6      | Bought a +6 amulet of reflection for 300 gold pieces
  5553 | D:6      | Reached skill level 6 in Unarmed Combat
  5637 | D:6      | Found a staircase to the Ecumenical Temple.
  5656 | D:6      | Gained mutation: You have razor-sharp teeth. [Vine Stalker growth]
  5656 | D:6      | Reached XP level 8. HP: 40/42 MP: 10/12
  5659 | D:6      | Found a snail-covered altar of Cheibriados.
  5806 | D:6      | Found Juihetups's Book Shop.
  5891 | D:6      | Found Xoen's Book Boutique.
  6082 | D:6      | Found Josyacwu's Gadget Emporium.
  6120 | D:6      | Found Dengonuw's Gadget Boutique.
  6140 | D:6      | Reached skill level 7 in Unarmed Combat
  6140 | D:6      | Reached skill level 5 in Transmutations
  6494 | D:7      | Reached ** piety under Fedhas
  6746 | D:7      | Reached XP level 9. HP: 25/46 MP: 3/13
  6852 | D:7      | Reached skill level 8 in Unarmed Combat
  6866 | D:7      | HP: 2/46 [killer bee (2)]
  6870 | D:7      | Slain by a killer bee

Skill      XL: |  1  2  3  4  5  6  7  8  9 |
---------------+----------------------------+-----
Fighting       | 1 2 3 4 |  4.8
Poison Magic   | 1 2 3 |  3.6
Unarmed Combat | 4 5 6 7 8 |  8.0
Transmutations | 3 4 5 |  5.7
Dodging        | |  1.5
Spellcasting   | |  2.1

Action                   |  1- 3 |  4- 6 |  7- 9 || total
-------------------------+-------+-------+-------++-------
Melee: Unarmed           |   138 |   207 |   267 ||   612
       Bite              |    28 |    48 |    42 ||   118
       Headbutt          |     4 |       |       ||     4
       Kick              |    14 |    36 |    57 ||   107
       Punch             |     1 |     3 |     3 ||     7
Throw: Stone             |     1 |       |       ||     1
 Cast: Beastly Appendage |    38 |    33 |    26 ||    97
       Sticks to Snakes  |     2 |     5 |     5 ||    12
       Spider Form       |       |       |     6 ||     6
Invok: Fungal Bloom      |       |    10 |    17 ||    27
       Evolution         |       |       |     1 ||     1
  Use: Scroll            |       |       |     7 ||     7
 Stab: Sleeping          |       |     1 |     1 ||     2
  Eat: Chunk             |     5 |     8 |     5 ||    18
       Pizza             |       |     1 |     1 ||     2
       Bread ration      |       |       |     1 ||     1
Armor: Robe              |    36 |    34 |    27 ||    97
       Skin              |       |       |     1 ||     1
Dodge: Dodged            |   107 |   108 |   165 ||   380
Block: Other             |       |       |    63 ||    63
       Reflection        |       |       |     1 ||     1
